Map: Jagannatha LE

Players

PartinG

  • Race: Protoss Protoss
  • League: Grandmaster
  • Spawn Location: 1:00

Trap - Winner!

  • Race: Protoss Protoss
  • League: Master
  • Spawn Location: 7:00

VOD

Have the link to the VOD?

Description

Time

  • Played on: Jan. 13, 2021, 9:39 a.m.
  • Length: 9:10
Show
View Real Time Build Order
Export as new Build Order

PartinG Protoss 

Build Orders:  

Get SALT Encoding   

  12  0:00  Probe  
  13  0:12  Probe  
  14  0:17  Pylon  
  14  0:24  Probe (Chrono Boost)  
  15  0:36  Probe (Chrono Boost)  
  15  0:37  Gateway  
  16  0:45  Probe (Chrono Boost)  
  16  0:46  Assimilator  
  17  0:51  Probe  
  17  0:54  Assimilator  
  18  1:03  Probe (Chrono Boost)  
  19  1:08  Gateway  
  20  1:12  Probe (Chrono Boost)  
  20  1:17  Probe (Chrono Boost)  
  21  1:26  Cybernetics Core  
  21  1:29  Probe  
  22  1:39  Pylon  
  22  1:41  Probe  
  24  2:02  Stalker, Warp Gate (Chrono Boost)  
  24  2:05  Stalker  
  24  2:06  Probe  
  28  2:18  Probe  
  29  2:25  Pylon  
  29  2:32  Stalker  
  30  2:43  Stalker, Stargate  
  32  2:50  Shield Battery  
  32  3:03  Shield Battery  
  32  3:24  Shield Battery, Nexus  
  32  3:28  Void Ray (Chrono Boost)  
  36  3:47  Stalker x2  
  34  3:58  Probe  
  34  4:10  Probe (Chrono Boost)  
  34  4:14  Sentry x2  
  39  4:22  Pylon  
  39  4:31  Twilight Council  
  39  4:37  Probe (Chrono Boost)  
  41  4:40  Probe (Chrono Boost)  
  42  4:46  Probe (Chrono Boost)  
  42  4:50  Probe (Chrono Boost)  
  42  4:51  Adept  
  45  4:55  Adept  
  47  5:00  Probe  
  47  5:04  Probe  
  50  5:14  Probe (Chrono Boost)  
  50  5:15  Blink (Chrono Boost)  
  50  5:16  Probe (Chrono Boost)  
  51  5:27  Probe (Chrono Boost)  
  53  5:29  Probe (Chrono Boost)  
  53  5:30  Robotics Facility  
  53  5:32  Probe (Chrono Boost)  
  54  5:37  Probe (Chrono Boost)  
  55  5:44  Shield Battery, Probe (Chrono Boost)  
  55  5:46  Phoenix  
  55  5:48  Sentry  
  59  5:54  Probe x2 (Chrono Boost)  
  59  5:55  Pylon  
  60  5:59  Probe (Chrono Boost)  
  60  6:00  Probe  
  62  6:08  Gateway x2  
  62  6:11  Stalker  
  62  6:16  Probe x2  
  62  6:18  Assimilator, Observer  
  65  6:24  Pylon  
  65  6:27  Stalker  
  67  6:35  Probe x2  
  67  6:37  Pylon  
  69  6:48  Stalker  
  70  6:56  Stalker  
  70  7:03  Stalker x2  
  60  7:12  Stalker  
  52  7:16  Probe x2  
  52  7:20  Stalker  
  50  7:28  Stalker x2  
  46  7:32  Probe x2  
  44  7:38  Stalker  
  46  7:46  Observer  
  42  7:55  Warp Prism (Chrono Boost)  
  42  8:01  Stalker  
  42  8:05  Stalker  
  44  8:15  Stalker  
  46  8:20  Stalker  
  43  8:42  Stalker x2  
  43  8:46  Stalker, Zealot  
  51  9:03  Stalker x2  
Show
View Real Time Build Order
Export as new Build Order

Trap Protoss - Winner!

Build Orders:  

Get SALT Encoding   

  12  0:00  Probe  
  13  0:12  Probe  
  14  0:19  Pylon  
  14  0:24  Probe (Chrono Boost)  
  15  0:37  Gateway, Probe (Chrono Boost)  
  16  0:45  Probe (Chrono Boost)  
  16  0:47  Assimilator  
  17  0:51  Probe  
  17  0:55  Assimilator  
  18  1:03  Probe (Chrono Boost)  
  19  1:09  Gateway  
  19  1:13  Probe (Chrono Boost)  
  20  1:18  Probe (Chrono Boost)  
  21  1:26  Cybernetics Core  
  21  1:30  Probe  
  22  1:37  Pylon  
  22  1:42  Probe  
  23  1:55  Probe  
  24  2:02  Adept x2, Warp Gate  
  28  2:08  Pylon  
  28  2:24  Pylon  
  28  2:28  Stargate  
  28  2:33  Stalker  
  30  2:37  Stalker  
  35  3:20  Pylon  
  35  3:24  Nexus  
  35  3:25  Probe  
  36  3:33  Pylon  
  36  3:40  Pylon  
  35  3:44  Twilight Council  
  35  3:50  Pylon  
  35  3:58  Probe  
  34  4:05  Stalker x2  
  34  4:11  Shield Battery, Probe  
  34  4:15  Blink (Chrono Boost)  
  32  4:23  Probe  
  33  4:31  Stalker x2  
  37  4:39  Shield Battery  
  37  4:41  Probe  
  37  4:42  Probe  
  39  4:53  Robotics Facility  
  39  4:56  Sentry  
  39  4:59  Sentry  
  43  5:02  Probe  
  43  5:03  Probe  
  45  5:15  Probe x2  
  47  5:23  Sentry, Gateway  
  47  5:27  Gateway, Probe  
  50  5:32  Probe  
  51  5:39  Probe  
  51  5:41  Warp Prism (Chrono Boost)  
  51  5:42  Shield Battery  
  54  5:50  Sentry  
  54  5:51  Stalker  
  58  5:57  Probe  
  58  5:58  Probe  
  58  6:02  Pylon  
  60  6:04  Pylon  
  60  6:09  Probe  
  60  6:10  Assimilator, Probe  
  62  6:26  Stalker x4  
  62  6:30  Pylon  
  70  6:33  Probe x2  
  70  6:37  Observer  
  73  6:58  Stalker x4  
  81  7:04  Probe x2  
  69  7:16  Probe x2  
  69  7:21  Stalker x4  
  77  7:28  Probe x2  
  65  7:43  Immortal (Chrono Boost)  
  69  7:49  Nexus  
  67  7:55  Stalker  
  67  7:56  Stalker x2  
  69  8:05  Gateway x2  
  69  8:14  Warp Prism (Chrono Boost)  
  69  8:18  Pylon  
  71  8:22  Stalker x2  
  75  8:29  Stalker  
  71  8:45  Stalker x3  
  81  8:52  Stalker  
  83  8:58  Shield Battery  
  83  9:03  Stalker x2  
Tags
 
Add a new tag
Caveats
  • Supply blocks, unpowered buildings, or Contaminate may cause inaccurate times.
  • Supply counts are checked every 10 seconds.